Thunder vs Knights
Created - December 17, 2019 at 19:06
Goals
|
| Thunder |
1 |
3 |
3 |
7 |
| Knights |
2 |
1 |
2 |
5 |
|
Shots
|
| Thunder |
9 |
12 |
15 |
36 |
| Knights |
17 |
14 |
6 |
37 |
|
1st period
1. Thunder , Jamie McGinn 10 (Joey Ryan 9, Zach Stepan 5) at 16:48
2. Knights , Ronalds Kenins 7 (Boone Jenner 16, Jaccob Slavin 14) at 16:59
3. Knights , Valentin Zykov 2 (Brendan Gaunce 7) at 17:57
Penalties :
No Penalty
2nd period
4. Thunder , Zach Stepan 6 (Jamie McGinn 7, Peter Andersson 7) at 4:49
5. Thunder , Eric Fehr 15 (William Karlsson 21, Derek Forbort 1) at 5:07
6. Knights , Josh Bailey 14 (Ronalds Kenins 10, Jaccob Slavin 15) at 9:46
7. Thunder , Derek Forbort 1 (Jordan Weal 3, Mikko Vainonen 5) at 14:40
Penalties :
Linden Vey (Lon) for Slashing (Minor) at 5:53
3rd period
8. Knights , Josh Bailey 15 (Jordan Martinook 14, Boone Jenner 17) at 5:04 (PP)
9. Knights , Vince Hinostroza 4 (Jordan Martinook 15, Collin Miller 6) at 13:49
10. Thunder , Eric Fehr 16 (William Karlsson 22) at 15:23 (PP)
11. Thunder , Eric Fehr 17 (William Karlsson 23) at 17:57
12. Thunder , Gianluca Curcuruto 1 (William Karlsson 24, Dany Roussin 15) at 19:10 (Empty Net)
Penalties :
Eric Fehr (TRO) for Holding (Minor) at 4:50, Brendan Gaunce (Lon) for Delaying the game (Minor) at 15:08
Goalie Stats
Jussi Rynnas (TRO), 32 saves from 37 shots - (0.865), W, 2-5-1, 60:00 minutes
Magnus Hellberg (Lon), 29 saves from 35 shots - (0.829), L, 9-8-3, 59:36 minutes
Players Stats for Thunder
Player Name G A P +/- PIM S H SB GA TA FO MP PP MP PK MP
------------------------------------------------------------------------------------
Artur Gavrus 0 0 0 0 0 0 0 0 0 0 0/0 0:00 0:00 0:00
Austin Poganski 0 0 0 1 0 0 1 0 1 1 0/0 14:15 0:00 0:00
Austin Wuthrich 0 0 0 0 0 1 2 1 1 1 0/0 19:18 0:44 0:00
Colby Cave 0 0 0 0 0 0 0 0 0 0 0/0 0:25 0:16 0:00
Dany Roussin 0 1 1 0 0 2 0 1 1 0 2/3 19:18 1:15 0:14
David Wolf 0 0 0 0 0 1 2 2 0 1 0/0 19:17 0:43 0:00
Derek Forbort 1 1 2 0 0 3 1 2 0 0 0/0 18:42 0:50 0:00
Emil Johansson 0 0 0 1 0 0 0 0 0 0 0/0 12:10 0:00 0:00
Eric Fehr 3 0 3 0 2 6 2 0 1 1 1/2 22:46 1:15 0:00
Gianluca Curcuruto 1 0 1 0 0 1 1 0 0 3 0/0 21:19 1:24 0:00
Jamie McGinn 1 1 2 1 0 5 1 0 0 3 0/0 14:15 0:00 0:00
Jarrod Maidens 0 0 0 0 0 0 0 0 0 0 0/1 0:14 0:00 0:14
Jesper Pettersson 0 0 0 0 0 0 0 0 0 0 0/0 10:41 0:00 0:14
Joey Ryan 0 1 1 1 0 0 0 3 0 0 0/0 7:10 0:00 0:00
Jordan Weal 0 1 1 1 0 1 0 0 0 0 0/1 6:45 0:00 0:00
Mackenze Stewart 0 0 0 1 0 0 0 1 0 0 0/0 9:45 0:00 0:00
Mikko Vainonen 0 1 1 -1 0 2 0 0 0 0 0/0 17:09 0:50 0:00
Nikolay Prokhorkin 0 0 0 1 0 1 1 1 0 0 0/0 6:58 0:13 0:00
Peter Andersson 0 1 1 2 0 3 1 1 1 0 0/0 23:04 1:24 0:14
Trevor Lewis 0 0 0 0 0 2 1 1 0 2 7/11 19:20 0:43 0:00
Vincent Dunn 0 0 0 1 0 0 0 0 0 0 0/0 3:35 0:18 0:00
William Karlsson 0 4 4 0 0 4 0 0 1 0 19/26 19:04 1:15 0:00
Zach Stepan 1 1 2 1 0 4 0 1 0 0 2/6 14:15 0:00 0:00
Players Stats for Knights
Player Name G A P +/- PIM S H SB GA TA FO MP PP MP PK MP
------------------------------------------------------------------------------------
Alan Quine 0 0 0 1 0 1 0 0 0 0 1/2 8:52 0:00 0:07
Boone Jenner 0 2 2 0 0 0 1 0 0 0 11/31 19:31 0:14 1:14
Brendan Gaunce 0 1 1 0 2 4 1 0 0 0 3/5 14:59 0:00 0:26
Collin Miller 0 1 1 0 0 0 3 1 0 2 0/0 20:02 0:14 0:50
Jaccob Slavin 0 2 2 -2 0 3 0 3 2 1 0/0 27:02 0:14 1:24
Jordan Martinook 0 2 2 -2 0 1 7 1 0 0 0/1 16:49 0:14 0:39
Josh Bailey 2 0 2 -1 0 6 0 0 1 0 0/2 18:19 0:14 0:00
Josh Morrissey 0 0 0 0 0 1 3 1 0 1 0/0 21:23 0:00 0:00
Linden Vey 0 0 0 -3 2 0 1 0 0 1 0/1 16:47 0:00 0:15
Ludwig Bystrom 0 0 0 0 0 1 0 1 0 0 0/0 14:48 0:00 1:24
Matthew Benning 0 0 0 0 0 1 2 0 0 0 0/0 13:10 0:00 0:00
Michael Matheson 0 0 0 -2 0 0 1 3 0 0 0/0 23:35 0:00 0:50
Miro Aaltonen 0 0 0 -3 0 3 1 0 3 0 1/5 17:03 0:00 0:53
Nathan Walker 0 0 0 1 0 2 2 0 0 0 0/0 8:45 0:00 0:00
Nikolay Goldobin 0 0 0 0 0 4 0 0 0 0 0/0 14:20 0:00 0:00
Ronalds Kenins 1 1 2 0 0 5 2 0 3 1 3/3 19:11 0:00 0:54
Valentin Zykov 1 0 1 0 0 3 1 2 3 0 0/0 14:20 0:00 0:00
Vince Hinostroza 1 0 1 1 0 2 0 0 0 0 0/0 8:48 0:00 0:00
3 Stars
1 - Eric Fehr (TRO)
2 - William Karlsson (TRO)
3 - Jamie McGinn (TRO)
Power Play
Thunder - 1 on 2 Attempt(s) - 50.00%
Knights - 1 on 1 Attempt(s) - 100.00%
Penalty Kill
Thunder - 0 on 1 Attempt(s) - 0.00%
- Score 0 goal in Penalty Kill
Knights - 1 on 2 Attempt(s) - 50.00%
- Score 0 goal in Penalty Kill
Team Stat
Thunder - Hits : 13 - Faceoff Wins : 31 - Blocked Shots : 14 - Penalty Minutes : 2
Knights - Hits : 25 - Faceoff Wins : 19 - Blocked Shots : 12 - Penalty Minutes : 4
Official
Referees : Unknown
Linesman : Unknown
Game Notes
Joey Ryan is injured at 18:53 of 1st period (Strained Left Knee)
4:49 of 2nd period - Thunder goal is going for a video replay. After video review, Goal.
Eric Fehr has scored a Hat Trick!
Gianluca Curcuruto has scored in a empty net!
Finance
Level 1 -- Attendance: 1489 (74.45%) -- Ticket Income $29,780
Level 2 -- Attendance: 785 (78.50%) -- Ticket Income $10,205
Total Attendance: 2274 (75.80%)
Total Ticket Income: $39,985
Other Income: $1,999
Total Income: $41,984
Thunder
5 vs 5 Forward
Center Left Wing Right Wing Time % Phy DF OF
1 William Karlsson Dany Roussin Eric Fehr 40 1 2 2
2 Trevor Lewis David Wolf Austin Wuthrich 30 1 2 2
3 Zach Stepan Jamie McGinn Austin Poganski 20 1 2 2
4 Jordan Weal Nikolay Prokhorkin Eric Fehr 10 1 2 2
5 vs 5 Defense
Defense Defense Time % Phy DF OF
1 Joey Ryan Peter Andersson 40 1 2 2
2 Derek Forbort Mikko Vainonen 30 1 2 2
3 Gianluca Curcuruto Jesper Pettersson 20 1 2 2
4 Emil Johansson Mackenze Stewart 10 1 2 2
PowerPlay Forward
Center Left Wing Right Wing Time % Phy DF OF
1 William Karlsson Dany Roussin Eric Fehr 60 1 2 2
2 Trevor Lewis David Wolf Austin Wuthrich 40 1 2 2
PowerPlay Defense
Defense Defense Time % Phy DF OF
1 Joey Ryan Peter Andersson 60 1 2 2
2 Derek Forbort Mikko Vainonen 40 1 2 2
Penalty Kill 4 Players Forward
Center Wing Time % Phy DF OF
1 Eric Fehr Dany Roussin 60 1 2 2
2 William Karlsson David Wolf 40 1 2 2
Penalty Kill 4 Players Defense
Defense Defense Time % Phy DF OF
1 Joey Ryan Peter Andersson 60 1 2 2
2 Derek Forbort Mikko Vainonen 40 1 2 2
Penalty Kill - 3 Players Forward
Forward Time % Phy DF OF
1 Eric Fehr 60 1 2 2
2 Dany Roussin 40 1 2 2
Penalty Kill - 3 Players Defense
Defense Defense Time % Phy DF OF
1 Joey Ryan Peter Andersson 60 1 2 2
2 Derek Forbort Mikko Vainonen 40 1 2 2
4 vs 4 Forward
Center Wing Time % Phy DF OF
1 Eric Fehr Dany Roussin 60 1 2 2
2 William Karlsson David Wolf 40 1 2 2
4 vs 4 Defense
Defense Defense Time % Phy DF OF
1 Joey Ryan Peter Andersson 60 1 2 2
2 Derek Forbort Mikko Vainonen 40 1 2 2
Last Minutes Offensive
Center Left Wing Right Wing Defense Defense
William Karlsson Dany Roussin Eric Fehr Joey Ryan Peter Andersson
Last Minutes Defensive
Center Left Wing Right Wing Defense Defense
William Karlsson Dany Roussin Eric Fehr Joey Ryan Peter Andersson
Goaltenders
Starting : Jussi Rynnas
Backup : Niklas Treutle
Extra Forwards
Normal : Vincent Dunn, Colby Cave, Jarrod Maidens - PP : Vincent Dunn, Colby Cave - PK : Jarrod Maidens
Extra Defensemen
Normal : Gianluca Curcuruto, Jesper Pettersson, Emil Johansson - PP : Gianluca Curcuruto - PK : Jesper Pettersson, Emil Johansson
Penalty Shots
Eric Fehr, Dany Roussin, William Karlsson, David Wolf, Trevor Lewis
Scratches
Mason McDonald (Healthy)
Knights
5 vs 5 Forward
Center Left Wing Right Wing Time % Phy DF OF
1 Boone Jenner Ronalds Kenins Josh Bailey 40 1 2 2
2 Miro Aaltonen Jordan Martinook Linden Vey 30 1 2 2
3 Brendan Gaunce Valentin Zykov Nikolay Goldobin 20 1 2 2
4 Alan Quine Nathan Walker Vince Hinostroza 10 1 2 2
5 vs 5 Defense
Defense Defense Time % Phy DF OF
1 Jaccob Slavin Michael Matheson 40 1 2 2
2 Collin Miller Josh Morrissey 30 1 2 2
3 Matthew Benning Ludwig Bystrom 20 1 2 2
4 Josh Morrissey Jaccob Slavin 10 1 2 2
PowerPlay Forward
Center Left Wing Right Wing Time % Phy DF OF
1 Boone Jenner Jordan Martinook Josh Bailey 60 1 1 3
2 Miro Aaltonen Ronalds Kenins Linden Vey 40 1 1 3
PowerPlay Defense
Defense Defense Time % Phy DF OF
1 Jaccob Slavin Collin Miller 60 0 1 4
2 Michael Matheson Josh Morrissey 40 0 1 4
Penalty Kill 4 Players Forward
Center Wing Time % Phy DF OF
1 Boone Jenner Linden Vey 60 1 3 1
2 Brendan Gaunce Josh Bailey 40 1 3 1
Penalty Kill 4 Players Defense
Defense Defense Time % Phy DF OF
1 Ludwig Bystrom Jaccob Slavin 60 1 3 1
2 Michael Matheson Collin Miller 40 1 3 1
Penalty Kill - 3 Players Forward
Forward Time % Phy DF OF
1 Jordan Martinook 60 0 4 1
2 Linden Vey 40 0 4 1
Penalty Kill - 3 Players Defense
Defense Defense Time % Phy DF OF
1 Ludwig Bystrom Jaccob Slavin 60 1 3 1
2 Michael Matheson Collin Miller 40 1 3 1
4 vs 4 Forward
Center Wing Time % Phy DF OF
1 Miro Aaltonen Linden Vey 60 1 2 2
2 Brendan Gaunce Josh Bailey 40 1 2 2
4 vs 4 Defense
Defense Defense Time % Phy DF OF
1 Jaccob Slavin Josh Morrissey 60 1 2 2
2 Michael Matheson Collin Miller 40 1 2 2
Last Minutes Offensive
Center Left Wing Right Wing Defense Defense
Miro Aaltonen Linden Vey Josh Bailey Jaccob Slavin Michael Matheson
Last Minutes Defensive
Center Left Wing Right Wing Defense Defense
Boone Jenner Linden Vey Jordan Martinook Michael Matheson Jaccob Slavin
Goaltenders
Starting : Magnus Hellberg
Backup : Elvis Merzlikins
Extra Forwards
Normal : Jordan Martinook, Linden Vey, Miro Aaltonen - PP : Linden Vey, Miro Aaltonen - PK : Miro Aaltonen
Extra Defensemen
Normal : Jaccob Slavin, Michael Matheson, Collin Miller - PP : Michael Matheson - PK : Jaccob Slavin, Michael Matheson
Penalty Shots
Miro Aaltonen, Jordan Martinook, Brendan Gaunce, Nathan Walker, Linden Vey
Scratches
Zach Nastasiuk (Healthy), Nicklas Jensen (Healthy), David Shields (Healthy), Trevor Moore (Healthy), Scott Wilson (Healthy)
Curtis Valk (Healthy), Anthony Louis (Healthy), Travis Boyd (Healthy), Nicolas Petan (Sports Hernia Injury), Fredrik Claesson (Healthy)
Mackenzie MacEachern (Healthy), Anton Blidh (Healthy), Jayce Hawryluk (Healthy), A.J. Jenks (Healthy), Ryan Collins (Healthy)
Tomas Kundratek (Healthy), William Lagesson (Healthy), Eamon McAdam (Healthy), Philippe Desrosiers (Healthy), Ville Husso (Healthy)
% Time on Ice - Thunder
Lines # - Real PCT - Wanted PCT - Time Play
Normal Forward
1 - 31% - 40% - 17:35
2 - 33% - 30% - 18:43
3 - 25% - 20% - 14:15
4 - 12% - 10% - 6:45
Normal Defense
1 - 38% - 40% - 21:39
2 - 28% - 30% - 15:52
3 - 18% - 20% - 10:02
4 - 17% - 10% - 9:45
PP Forward
1 - 68% - 60% - 1:31
2 - 32% - 40% - 0:43
PP Defense
1 - 75% - 60% - 1:40
2 - 25% - 40% - 0:34
PK Forward
1 - 100% - 60% - 0:14
2 - 0% - 40% - 0:00
PK Defense
1 - 100% - 60% - 0:14
2 - 0% - 40% - 0:00
PK3 Forward
1 - 0% - 60%
2 - 0% - 40%
PK3 Defense
1 - 0% - 60%
2 - 0% - 40%
44 Forward
1 - 0% - 60%
2 - 0% - 40%
44 Defense
1 - 0% - 60%
2 - 0% - 40%
Last Minute Offensive - 0:00
Last Minute Defensive - 0:14
Total
Forward - 60:00
Defense - 60:00
|
% Time on Ice - Knights
Lines # - Real PCT - Wanted PCT - Time Play
Normal Forward
1 - 32% - 40% - 18:05
2 - 28% - 30% - 16:08
3 - 25% - 20% - 14:20
4 - 15% - 10% - 8:45
Normal Defense
1 - 39% - 40% - 22:10
2 - 30% - 30% - 17:26
3 - 23% - 20% - 13:10
4 - 8% - 10% - 4:32
PP Forward
1 - 100% - 60% - 0:14
2 - 0% - 40% - 0:00
PP Defense
1 - 100% - 60% - 0:14
2 - 0% - 40% - 0:00
PK Forward
1 - 100% - 60% - 2:14
2 - 0% - 40% - 0:00
PK Defense
1 - 63% - 60% - 1:24
2 - 37% - 40% - 0:50
PK3 Forward
1 - 0% - 60%
2 - 0% - 40%
PK3 Defense
1 - 0% - 60%
2 - 0% - 40%
44 Forward
1 - 0% - 60%
2 - 0% - 40%
44 Defense
1 - 0% - 60%
2 - 0% - 40%
Last Minute Offensive - 0:14
Last Minute Defensive - 0:00
Total
Forward - 60:00
Defense - 60:00
|
Play-by-Play
1st period
0:01 of 1st period - William Karlsson wins face-off versus Boone Jenner in neutral zone.
0:10 of 1st period - Snap shot by Eric Fehr.
0:10 of 1st period - Shot Misses the Net.
0:12 of 1st period - Slapshot by Peter Andersson.
0:12 of 1st period - Shot Blocked by Jaccob Slavin.
0:50 of 1st period - Wrist shot by Nathan Walker.
0:50 of 1st period - Shot Misses the Net.
0:52 of 1st period - Slapshot by Michael Matheson.
0:52 of 1st period - Shot Misses the Net.
0:54 of 1st period - Slapshot by Michael Matheson.
0:54 of 1st period - Deflect By Alan Quine.
0:54 of 1st period - Stopped by Jussi Rynnas with a rebound.
0:56 of 1st period - Wrist shot by Vince Hinostroza.
0:56 of 1st period - Stopped by Jussi Rynnas with a rebound.
0:58 of 1st period - Snap shot by Jaccob Slavin.
0:58 of 1st period - Stopped by Jussi Rynnas without a rebound.
0:59 of 1st period - Brendan Gaunce wins face-off versus Jordan Weal in Thunder zone.
1:06 of 1st period - Slapshot by Eric Fehr.
1:06 of 1st period - Stopped by Magnus Hellberg with a rebound.
1:24 of 1st period - Collin Miller is hit by Austin Wuthrich and loses puck.
1:59 of 1st period - Zach Stepan is hit by Jordan Martinook and loses puck.
4:02 of 1st period - Josh Bailey is hit by David Wolf and loses puck.
4:31 of 1st period - Jordan Weal is hit by Jordan Martinook and loses puck.
5:15 of 1st period - Wrist shot by Ronalds Kenins.
5:15 of 1st period - Deflect By Boone Jenner.
5:15 of 1st period - Shot Misses the Net.
5:15 of 1st period - Puck is out of play.
5:16 of 1st period - Trevor Lewis wins face-off versus Linden Vey in Thunder zone.
5:33 of 1st period - David Wolf is hit by Jordan Martinook.
6:24 of 1st period - Vince Hinostroza is hit by Austin Wuthrich.
7:03 of 1st period - Brendan Gaunce is hit by Trevor Lewis and loses puck.
7:18 of 1st period - Slapshot by Josh Bailey.
7:18 of 1st period - Deflect By Ronalds Kenins.
7:18 of 1st period - Stopped by Jussi Rynnas with a rebound.
7:59 of 1st period - Snap shot by Jordan Weal.
7:59 of 1st period - Stopped by Magnus Hellberg without a rebound.
8:00 of 1st period - Ronalds Kenins wins face-off versus Zach Stepan in Knights zone.
8:00 of 1st period - Ronalds Kenins is hit by Jamie McGinn.
9:00 of 1st period - Slapshot by Valentin Zykov.
9:00 of 1st period - Shot Misses the Net.
9:34 of 1st period - Snap shot by Josh Bailey.
9:34 of 1st period - Shot Misses the Net.
9:48 of 1st period - Eric Fehr is hit by Jordan Martinook and loses puck.
10:01 of 1st period - Trevor Lewis is hit by Valentin Zykov and loses puck.
10:22 of 1st period - William Karlsson is hit by Josh Morrissey and loses puck.
11:28 of 1st period - Trevor Lewis is hit by Matthew Benning and loses puck.
11:53 of 1st period - Backhand shot by Jamie McGinn.
11:53 of 1st period - Shot Misses the Net.
13:20 of 1st period - Jamie McGinn is hit by Boone Jenner and loses puck.
13:31 of 1st period - Zach Stepan is hit by Linden Vey and loses puck.
13:40 of 1st period - Snap shot by Miro Aaltonen.
13:40 of 1st period - Stopped by Jussi Rynnas with a rebound.
13:54 of 1st period - Wrist shot by Trevor Lewis.
13:54 of 1st period - Shot Blocked by Collin Miller.
15:14 of 1st period - Snap shot by Brendan Gaunce.
15:14 of 1st period - Stopped by Jussi Rynnas with a rebound.
15:24 of 1st period - Dany Roussin is hit by Matthew Benning and loses puck.
15:33 of 1st period - Icing by Gianluca Curcuruto.
15:34 of 1st period - William Karlsson wins face-off versus Jordan Martinook in Thunder zone.
15:34 of 1st period - William Karlsson is hit by Jordan Martinook.
15:50 of 1st period - Snap shot by Miro Aaltonen.
15:50 of 1st period - Stopped by Jussi Rynnas without a rebound.
15:51 of 1st period - Trevor Lewis wins face-off versus Boone Jenner in Thunder zone.
16:02 of 1st period - Snap shot by Josh Bailey.
16:02 of 1st period - Stopped by Jussi Rynnas with a rebound.
16:04 of 1st period - Slapshot by Matthew Benning.
16:04 of 1st period - Stopped by Jussi Rynnas with a rebound.
16:16 of 1st period - Matthew Benning is hit by Nikolay Prokhorkin.
16:40 of 1st period - Wrist shot by Zach Stepan.
16:40 of 1st period - Shot Blocked by Valentin Zykov.
16:42 of 1st period - Snap shot by Zach Stepan.
16:42 of 1st period - Stopped by Magnus Hellberg with a rebound.
16:44 of 1st period - Snap shot by Jamie McGinn.
16:44 of 1st period - Shot Misses the Net.
16:46 of 1st period - Snap shot by Jamie McGinn.
16:46 of 1st period - Stopped by Magnus Hellberg with a rebound.
16:48 of 1st period - Wrist shot by Joey Ryan.
16:48 of 1st period - Deflect By Jamie McGinn.
16:48 of 1st period - Goal by Jamie McGinn - Thunder : 1 - Knights : 0.
16:49 of 1st period - William Karlsson wins face-off versus Boone Jenner in neutral zone.
16:59 of 1st period - Slapshot by Ronalds Kenins.
16:59 of 1st period - Goal by Ronalds Kenins - Thunder : 1 - Knights : 1.
17:00 of 1st period - Boone Jenner wins face-off versus Eric Fehr in neutral zone.
17:05 of 1st period - Slapshot by Ronalds Kenins.
17:05 of 1st period - Stopped by Jussi Rynnas without a rebound.
17:06 of 1st period - William Karlsson wins face-off versus Boone Jenner in Thunder zone.
17:15 of 1st period - Snap shot by Dany Roussin.
17:15 of 1st period - Shot Blocked by Michael Matheson.
17:17 of 1st period - Snap shot by Dany Roussin.
17:17 of 1st period - Stopped by Magnus Hellberg with a rebound.
17:53 of 1st period - Snap shot by Brendan Gaunce.
17:53 of 1st period - Shot Misses the Net.
17:55 of 1st period - Wrist shot by Valentin Zykov.
17:55 of 1st period - Stopped by Jussi Rynnas without a rebound.
17:56 of 1st period - Brendan Gaunce wins face-off versus Zach Stepan in Thunder zone.
17:57 of 1st period - Wrist shot by Valentin Zykov.
17:57 of 1st period - Goal by Valentin Zykov - Thunder : 1 - Knights : 2.
17:58 of 1st period - Dany Roussin wins face-off versus Boone Jenner in neutral zone.
18:01 of 1st period - Wrist shot by William Karlsson.
18:01 of 1st period - Stopped by Magnus Hellberg without a rebound.
18:02 of 1st period - William Karlsson wins face-off versus Boone Jenner in Knights zone.
18:27 of 1st period - Snap shot by Trevor Lewis.
18:27 of 1st period - Stopped by Magnus Hellberg with a rebound.
18:47 of 1st period - Snap shot by Brendan Gaunce.
18:47 of 1st period - Stopped by Jussi Rynnas with a rebound.
18:49 of 1st period - Wrist shot by Brendan Gaunce.
18:49 of 1st period - Shot Blocked by Joey Ryan.
18:51 of 1st period - Slapshot by Josh Morrissey.
18:51 of 1st period - Shot Blocked by Joey Ryan.
18:53 of 1st period - Slapshot by Collin Miller.
18:53 of 1st period - Deflect By Nikolay Goldobin.
18:53 of 1st period - Shot Blocked by Joey Ryan.
18:53 of 1st period - Joey Ryan from Thunder is injured at 18:53 of 1st period (Strained Left Knee).
18:54 of 1st period - William Karlsson wins face-off versus Boone Jenner in Thunder zone.
18:59 of 1st period - Snap shot by Ronalds Kenins.
18:59 of 1st period - Stopped by Jussi Rynnas with a rebound.
19:19 of 1st period - Slapshot by Trevor Lewis.
19:19 of 1st period - Shot Blocked by Josh Morrissey.
19:21 of 1st period - Slapshot by Peter Andersson.
19:21 of 1st period - Deflect By Austin Wuthrich.
19:21 of 1st period - Stopped by Magnus Hellberg with a rebound.
19:23 of 1st period - Wrist shot by Trevor Lewis.
19:23 of 1st period - Deflect By Austin Wuthrich.
19:23 of 1st period - Shot Misses the Net.
19:23 of 1st period - Puck is out of play.
19:24 of 1st period - William Karlsson wins face-off versus Miro Aaltonen in Knights zone.
19:25 of 1st period - Wrist shot by Eric Fehr.
19:25 of 1st period - Shot Misses the Net.
19:35 of 1st period - Slapshot by Miro Aaltonen.
19:35 of 1st period - Stopped by Jussi Rynnas with a rebound.
19:47 of 1st period - Wrist shot by Jordan Martinook.
19:47 of 1st period - Stopped by Jussi Rynnas with a rebound.
Goals for this period are 1 for Thunder vs 2 for Knights.
Shots for this period are 9 for Thunder vs 17 for Knights.
2nd period
0:01 of 2nd period - Dany Roussin wins face-off versus Josh Bailey in neutral zone.
0:08 of 2nd period - Wrist shot by William Karlsson.
0:08 of 2nd period - Shot Misses the Net.
0:27 of 2nd period - Miro Aaltonen is hit by David Wolf and loses puck.
0:48 of 2nd period - Wrist shot by Zach Stepan.
0:48 of 2nd period - Deflect By Valentin Zykov.
0:48 of 2nd period - Shot Misses the Net.
0:48 of 2nd period - Puck is out of play.
0:49 of 2nd period - Zach Stepan wins face-off versus Brendan Gaunce in Knights zone.
1:12 of 2nd period - Eric Fehr is hit by Brendan Gaunce and loses puck.
1:22 of 2nd period - Icing by Valentin Zykov.
1:23 of 2nd period - Trevor Lewis wins face-off versus Brendan Gaunce in Knights zone.
1:48 of 2nd period - Wrist shot by Nikolay Goldobin.
1:48 of 2nd period - Stopped by Jussi Rynnas with a rebound.
1:52 of 2nd period - Slapshot by Brendan Gaunce.
1:52 of 2nd period - Stopped by Jussi Rynnas with a rebound.
1:54 of 2nd period - Wrist shot by Nikolay Goldobin.
1:54 of 2nd period - Stopped by Jussi Rynnas with a rebound.
2:04 of 2nd period - Wrist shot by Brendan Gaunce.
2:04 of 2nd period - Stopped by Jussi Rynnas with a rebound.
2:06 of 2nd period - Wrist shot by Nikolay Goldobin.
2:06 of 2nd period - Stopped by Jussi Rynnas with a rebound.
2:08 of 2nd period - Slapshot by Valentin Zykov.
2:08 of 2nd period - Shot Blocked by David Wolf.
2:24 of 2nd period - Snap shot by Nikolay Goldobin.
2:24 of 2nd period - Shot Blocked by David Wolf.
2:26 of 2nd period - Slapshot by Collin Miller.
2:26 of 2nd period - Shot Blocked by Trevor Lewis.
2:50 of 2nd period - Snap shot by Nikolay Goldobin.
2:50 of 2nd period - Stopped by Jussi Rynnas with a rebound.
3:54 of 2nd period - Slapshot by Valentin Zykov.
3:54 of 2nd period - Stopped by Jussi Rynnas with a rebound.
4:10 of 2nd period - Snap shot by Nikolay Goldobin.
4:10 of 2nd period - Shot Misses the Net.
4:12 of 2nd period - Slapshot by Collin Miller.
4:12 of 2nd period - Shot Blocked by Austin Wuthrich.
4:14 of 2nd period - Slapshot by Valentin Zykov.
4:14 of 2nd period - Deflect By Trevor Lewis.
4:14 of 2nd period - Shot Misses the Net.
4:14 of 2nd period - Puck is out of play.
4:15 of 2nd period - William Karlsson wins face-off versus Josh Bailey in Thunder zone.
4:47 of 2nd period - Snap shot by Jamie McGinn.
4:47 of 2nd period - Stopped by Magnus Hellberg with a rebound.
4:49 of 2nd period - Slapshot by Zach Stepan.
4:49 of 2nd period - Thunder goal is going for a video replay.
4:49 of 2nd period - The goal is good.
4:49 of 2nd period - Goal by Zach Stepan - Thunder : 2 - Knights : 2.
4:50 of 2nd period - William Karlsson wins face-off versus Boone Jenner in neutral zone.
4:59 of 2nd period - Snap shot by Dany Roussin.
4:59 of 2nd period - Shot Misses the Net.
5:01 of 2nd period - Backhand shot by Peter Andersson.
5:01 of 2nd period - Stopped by Magnus Hellberg without a rebound.
5:02 of 2nd period - William Karlsson wins face-off versus Boone Jenner in Knights zone.
5:03 of 2nd period - Snap shot by Dany Roussin.
5:03 of 2nd period - Shot Blocked by Jaccob Slavin.
5:05 of 2nd period - Snap shot by Derek Forbort.
5:05 of 2nd period - Deflect By William Karlsson.
5:05 of 2nd period - Stopped by Magnus Hellberg with a rebound.
5:07 of 2nd period - Snap shot by Eric Fehr.
5:07 of 2nd period - Goal by Eric Fehr - Thunder : 3 - Knights : 2.
5:08 of 2nd period - Boone Jenner wins face-off versus William Karlsson in neutral zone.
5:13 of 2nd period - William Karlsson is hit by Ronalds Kenins and loses puck.
5:43 of 2nd period - Snap shot by Jamie McGinn.
5:43 of 2nd period - Shot Misses the Net.
5:45 of 2nd period - Snap shot by Derek Forbort.
5:45 of 2nd period - Stopped by Magnus Hellberg with a rebound.
5:47 of 2nd period - Slapshot by Derek Forbort.
5:47 of 2nd period - Stopped by Magnus Hellberg with a rebound.
5:53 of 2nd period - Minor Penalty to Linden Vey for Slashing.
5:54 of 2nd period - William Karlsson wins face-off versus Miro Aaltonen in Knights zone.
5:55 of 2nd period - Snap shot by Dany Roussin.
5:55 of 2nd period - Shot Misses the Net.
5:57 of 2nd period - Wrist shot by Peter Andersson.
5:57 of 2nd period - Shot Blocked by Ludwig Bystrom.
7:53 of 2nd period - Penalty to Linden Vey is over, Linden Vey is back on ice.
8:10 of 2nd period - Snap shot by Vince Hinostroza.
8:10 of 2nd period - Deflect By Nathan Walker.
8:10 of 2nd period - Stopped by Jussi Rynnas with a rebound.
8:12 of 2nd period - Slapshot by Nathan Walker.
8:12 of 2nd period - Shot Misses the Net.
8:14 of 2nd period - Slapshot by Josh Morrissey.
8:14 of 2nd period - Stopped by Jussi Rynnas without a rebound.
8:15 of 2nd period - Alan Quine wins face-off versus Zach Stepan in Thunder zone.
8:16 of 2nd period - Snap shot by Nathan Walker.
8:16 of 2nd period - Stopped by Jussi Rynnas without a rebound.
8:17 of 2nd period - Zach Stepan wins face-off versus Alan Quine in Thunder zone.
8:26 of 2nd period - Snap shot by Alan Quine.
8:26 of 2nd period - Shot Blocked by Zach Stepan.
8:28 of 2nd period - Slapshot by Collin Miller.
8:28 of 2nd period - Shot Misses the Net.
9:01 of 2nd period - Backhand shot by Dany Roussin.
9:01 of 2nd period - Stopped by Magnus Hellberg without a rebound.
9:02 of 2nd period - Boone Jenner wins face-off versus William Karlsson in Knights zone.
9:27 of 2nd period - Slapshot by Peter Andersson.
9:27 of 2nd period - Shot Hit the Post.
9:30 of 2nd period - Icing by Collin Miller.
9:31 of 2nd period - Miro Aaltonen wins face-off versus Trevor Lewis in Knights zone.
9:38 of 2nd period - Snap shot by Jordan Martinook.
9:38 of 2nd period - Shot Misses the Net.
9:40 of 2nd period - Slapshot by Josh Morrissey.
9:40 of 2nd period - Deflect By Linden Vey.
9:40 of 2nd period - Shot Blocked by Derek Forbort.
9:40 of 2nd period - Puck is out of play.
9:41 of 2nd period - Boone Jenner wins face-off versus Dany Roussin in Thunder zone.
9:44 of 2nd period - Slapshot by Jaccob Slavin.
9:44 of 2nd period - Stopped by Jussi Rynnas with a rebound.
9:46 of 2nd period - Snap shot by Ronalds Kenins.
9:46 of 2nd period - Deflect By Josh Bailey.
9:46 of 2nd period - Goal by Josh Bailey - Thunder : 3 - Knights : 3.
9:47 of 2nd period - Boone Jenner wins face-off versus William Karlsson in neutral zone.
10:13 of 2nd period - Austin Wuthrich is hit by Miro Aaltonen and loses puck.
11:50 of 2nd period - Zach Stepan is hit by Jordan Martinook and loses puck.
12:25 of 2nd period - Snap shot by Josh Bailey.
12:25 of 2nd period - Stopped by Jussi Rynnas with a rebound.
12:45 of 2nd period - Wrist shot by Trevor Lewis.
12:45 of 2nd period - Deflect By David Wolf.
12:45 of 2nd period - Stopped by Magnus Hellberg with a rebound.
14:06 of 2nd period - William Karlsson is hit by Collin Miller and loses puck.
14:28 of 2nd period - Trevor Lewis is hit by Michael Matheson.
14:36 of 2nd period - Slapshot by Mikko Vainonen.
14:36 of 2nd period - Stopped by Magnus Hellberg with a rebound.
14:38 of 2nd period - Snap shot by Jordan Weal.
14:38 of 2nd period - Shot Blocked by Jordan Martinook.
14:40 of 2nd period - Slapshot by Derek Forbort.
14:40 of 2nd period - Goal by Derek Forbort - Thunder : 4 - Knights : 3.
14:41 of 2nd period - Boone Jenner wins face-off versus William Karlsson in neutral zone.
15:33 of 2nd period - Wrist shot by Nathan Walker.
15:33 of 2nd period - Shot Misses the Net.
15:57 of 2nd period - Off-side.
15:58 of 2nd period - Trevor Lewis wins face-off versus Boone Jenner in neutral zone.
17:22 of 2nd period - Snap shot by Josh Bailey.
17:22 of 2nd period - Shot Blocked by Nikolay Prokhorkin.
18:59 of 2nd period - Slapshot by Ronalds Kenins.
18:59 of 2nd period - Deflect By Boone Jenner.
18:59 of 2nd period - Shot Blocked by Derek Forbort.
18:59 of 2nd period - Puck is out of play.
19:00 of 2nd period - Trevor Lewis wins face-off versus Boone Jenner in Thunder zone.
19:09 of 2nd period - Wrist shot by Austin Wuthrich.
19:09 of 2nd period - Shot Misses the Net.
19:11 of 2nd period - Wrist shot by Trevor Lewis.
19:11 of 2nd period - Stopped by Magnus Hellberg without a rebound.
19:12 of 2nd period - Trevor Lewis wins face-off versus Boone Jenner in Knights zone.
19:58 of 2nd period - Slapshot by Ludwig Bystrom.
19:58 of 2nd period - Stopped by Jussi Rynnas with a rebound.
Goals for this period are 3 for Thunder vs 1 for Knights.
Shots for this period are 12 for Thunder vs 14 for Knights.
3rd period
0:01 of 3rd period - Ronalds Kenins wins face-off versus William Karlsson in neutral zone.
0:26 of 3rd period - Gianluca Curcuruto is hit by Josh Morrissey.
0:50 of 3rd period - Ludwig Bystrom is hit by Gianluca Curcuruto and loses puck.
1:05 of 3rd period - Nathan Walker is hit by Eric Fehr.
1:12 of 3rd period - Off-side.
1:13 of 3rd period - William Karlsson wins face-off versus Boone Jenner in neutral zone.
1:16 of 3rd period - Snap shot by Dany Roussin.
1:16 of 3rd period - Shot Misses the Net.
1:40 of 3rd period - Trevor Lewis is hit by Josh Morrissey and loses puck.
2:05 of 3rd period - Wrist shot by Zach Stepan.
2:05 of 3rd period - Shot Blocked by Valentin Zykov.
2:07 of 3rd period - Wrist shot by Jamie McGinn.
2:07 of 3rd period - Shot Misses the Net.
2:09 of 3rd period - Wrist shot by Jamie McGinn.
2:09 of 3rd period - Stopped by Magnus Hellberg with a rebound.
2:11 of 3rd period - Slapshot by Derek Forbort.
2:11 of 3rd period - Shot Misses the Net.
2:21 of 3rd period - William Karlsson is hit by Nathan Walker and loses puck.
3:24 of 3rd period - Eric Fehr is hit by Collin Miller and loses puck.
3:43 of 3rd period - Wrist shot by Zach Stepan.
3:43 of 3rd period - Stopped by Magnus Hellberg with a rebound.
3:45 of 3rd period - Wrist shot by Peter Andersson.
3:45 of 3rd period - Stopped by Magnus Hellberg with a rebound.
3:47 of 3rd period - Slapshot by Peter Andersson.
3:47 of 3rd period - Stopped by Magnus Hellberg without a rebound.
3:48 of 3rd period - Boone Jenner wins face-off versus Zach Stepan in Knights zone.
4:11 of 3rd period - David Wolf is hit by Jordan Martinook and loses puck.
4:50 of 3rd period - Minor Penalty to Eric Fehr for Holding.
4:51 of 3rd period - Boone Jenner wins face-off versus Jarrod Maidens in Thunder zone.
5:02 of 3rd period - Snap shot by Jordan Martinook.
5:02 of 3rd period - Shot Misses the Net.
5:04 of 3rd period - Wrist shot by Josh Bailey.
5:04 of 3rd period - Goal by Josh Bailey - Thunder : 4 - Knights : 4.
5:05 of 3rd period - William Karlsson wins face-off versus Boone Jenner in neutral zone.
5:55 of 3rd period - Snap shot by Vince Hinostroza.
5:55 of 3rd period - Shot Misses the Net.
6:19 of 3rd period - Peter Andersson is hit by Collin Miller and loses puck.
7:15 of 3rd period - Snap shot by David Wolf.
7:15 of 3rd period - Shot Misses the Net.
7:21 of 3rd period - Wrist shot by David Wolf.
7:21 of 3rd period - Shot Misses the Net.
8:16 of 3rd period - Snap shot by Zach Stepan.
8:16 of 3rd period - Stopped by Magnus Hellberg with a rebound.
9:08 of 3rd period - Wrist shot by Nathan Walker.
9:08 of 3rd period - Shot Misses the Net.
9:54 of 3rd period - Slapshot by Josh Bailey.
9:54 of 3rd period - Stopped by Jussi Rynnas with a rebound.
9:56 of 3rd period - Snap shot by Josh Bailey.
9:56 of 3rd period - Shot Misses the Net.
9:58 of 3rd period - Slapshot by Ronalds Kenins.
9:58 of 3rd period - Shot Misses the Net.
10:08 of 3rd period - Austin Poganski is hit by Nathan Walker and loses puck.
10:45 of 3rd period - Wrist shot by Jamie McGinn.
10:45 of 3rd period - Stopped by Magnus Hellberg without a rebound.
10:46 of 3rd period - Boone Jenner wins face-off versus Trevor Lewis in Knights zone.
11:33 of 3rd period - Slapshot by Nikolay Prokhorkin.
11:33 of 3rd period - Stopped by Magnus Hellberg with a rebound.
11:35 of 3rd period - Snap shot by Jordan Weal.
11:35 of 3rd period - Shot Misses the Net.
11:45 of 3rd period - Snap shot by Nikolay Goldobin.
11:45 of 3rd period - Shot Misses the Net.
12:16 of 3rd period - Dany Roussin is hit by Ronalds Kenins.
12:26 of 3rd period - Alan Quine is hit by Eric Fehr and loses puck.
12:47 of 3rd period - Michael Matheson is hit by Austin Poganski and loses puck.
13:07 of 3rd period - Icing by Michael Matheson.
13:08 of 3rd period - Brendan Gaunce wins face-off versus Trevor Lewis in Knights zone.
13:08 of 3rd period - Brendan Gaunce is hit by Derek Forbort.
13:14 of 3rd period - Josh Morrissey is hit by Peter Andersson and loses puck.
13:49 of 3rd period - Wrist shot by Vince Hinostroza.
13:49 of 3rd period - Goal by Vince Hinostroza - Thunder : 4 - Knights : 5.
13:50 of 3rd period - Eric Fehr wins face-off versus Boone Jenner in neutral zone.
13:57 of 3rd period - Snap shot by William Karlsson.
13:57 of 3rd period - Shot Misses the Net.
13:59 of 3rd period - Snap shot by William Karlsson.
13:59 of 3rd period - Stopped by Magnus Hellberg with a rebound.
14:01 of 3rd period - Slapshot by Mikko Vainonen.
14:01 of 3rd period - Stopped by Magnus Hellberg without a rebound.
14:02 of 3rd period - William Karlsson wins face-off versus Boone Jenner in Knights zone.
14:15 of 3rd period - Wrist shot by Eric Fehr.
14:15 of 3rd period - Stopped by Magnus Hellberg with a rebound.
14:17 of 3rd period - Wrist shot by William Karlsson.
14:17 of 3rd period - Stopped by Magnus Hellberg with a rebound.
15:08 of 3rd period - Minor Penalty to Brendan Gaunce for Delaying the game.
15:09 of 3rd period - William Karlsson wins face-off versus Boone Jenner in Knights zone.
15:11 of 3rd period - Snap shot by Dany Roussin.
15:11 of 3rd period - Shot Misses the Net.
15:13 of 3rd period - Snap shot by William Karlsson.
15:13 of 3rd period - Deflect By Dany Roussin.
15:13 of 3rd period - Shot Blocked by Michael Matheson.
15:13 of 3rd period - Puck is out of play.
15:14 of 3rd period - William Karlsson wins face-off versus Boone Jenner in Knights zone.
15:17 of 3rd period - Wrist shot by William Karlsson.
15:17 of 3rd period - Shot Misses the Net.
15:21 of 3rd period - Slapshot by William Karlsson.
15:21 of 3rd period - Shot Misses the Net.
15:23 of 3rd period - Wrist shot by Eric Fehr.
15:23 of 3rd period - Goal by Eric Fehr - Thunder : 5 - Knights : 5.
15:24 of 3rd period - William Karlsson wins face-off versus Boone Jenner in neutral zone.
16:49 of 3rd period - Snap shot by Miro Aaltonen.
16:49 of 3rd period - Shot Misses the Net.
17:36 of 3rd period - Snap shot by Nikolay Goldobin.
17:36 of 3rd period - Shot Misses the Net.
17:40 of 3rd period - Snap shot by Valentin Zykov.
17:40 of 3rd period - Shot Blocked by Mackenze Stewart.
17:47 of 3rd period - Icing by Emil Johansson.
17:48 of 3rd period - William Karlsson wins face-off versus Boone Jenner in Thunder zone.
17:53 of 3rd period - Snap shot by Eric Fehr.
17:53 of 3rd period - Shot Misses the Net.
17:55 of 3rd period - Snap shot by Eric Fehr.
17:55 of 3rd period - Stopped by Magnus Hellberg with a rebound.
17:57 of 3rd period - Snap shot by Eric Fehr.
17:57 of 3rd period - Goal by Eric Fehr - Thunder : 6 - Knights : 5.
17:58 of 3rd period - Boone Jenner wins face-off versus William Karlsson in neutral zone.
18:05 of 3rd period - Wrist shot by Jaccob Slavin.
18:05 of 3rd period - Deflect By Dany Roussin.
18:05 of 3rd period - Stopped by Jussi Rynnas without a rebound.
18:06 of 3rd period - Ronalds Kenins wins face-off versus William Karlsson in Thunder zone.
18:15 of 3rd period - Wrist shot by Ronalds Kenins.
18:15 of 3rd period - Shot Blocked by Peter Andersson.
18:17 of 3rd period - Wrist shot by Josh Bailey.
18:17 of 3rd period - Stopped by Jussi Rynnas with a rebound.
18:19 of 3rd period - Slapshot by Jaccob Slavin.
18:19 of 3rd period - Shot Blocked by Dany Roussin.
18:40 of 3rd period - Off-side.
18:41 of 3rd period - Boone Jenner wins face-off versus Trevor Lewis in neutral zone.
18:44 of 3rd period - Slapshot by Ludwig Bystrom.
18:44 of 3rd period - Shot Misses the Net.
18:46 of 3rd period - Knights, Magnus Hellberg is pulled from the net.
18:46 of 3rd period - Snap shot by Ronalds Kenins.
18:46 of 3rd period - Shot Misses the Net.
18:56 of 3rd period - Wrist shot by Ronalds Kenins.
18:56 of 3rd period - Stopped by Jussi Rynnas without a rebound.
18:57 of 3rd period - Adams Oates call a timeout for Knights.
18:57 of 3rd period - William Karlsson wins face-off versus Miro Aaltonen in Thunder zone.
19:02 of 3rd period - Wrist shot by Dany Roussin.
19:02 of 3rd period - Shot Blocked by Michael Matheson.
19:08 of 3rd period - Wrist shot by William Karlsson.
19:08 of 3rd period - Shot Blocked by Jaccob Slavin.
19:10 of 3rd period - Snap shot by Gianluca Curcuruto.
19:10 of 3rd period - Goal by Gianluca Curcuruto - Thunder : 7 - Knights : 5.
19:10 of 3rd period - Magnus Hellberg from Knights was sent back in the game.
19:11 of 3rd period - Trevor Lewis wins face-off versus Miro Aaltonen in neutral zone.
Goals for this period are 3 for Thunder vs 2 for Knights.
Shots for this period are 15 for Thunder vs 6 for Knights.
Back to the Top